 Dungeon Crawl Stone Soup version 0.17.0-56-gd8de76c (webtiles) character file.

284 lolseriousman the Grave Robber (level 6, -5/46 HPs)
             Began as a Human Necromancer on Dec 5, 2015.
             Was a Follower of Qazlal.
             Shot with an arrow by a centaur (11 damage)
             ... on level 5 of the Dungeon.
             The game lasted 00:31:22 (6529 turns).

lolseriousman the Grave Robber (Human Necromancer)  Turns: 6529, Time: 00:31:23

Health: -5/46      AC: 10    Str: 11    XL:     6   Next: 54%
Magic:  11/11      EV: 12    Int: 15    God:    Qazlal [*.....]
Gold:   154        SH:  2    Dex: 13    Spells: 1 memorised, 11 levels left

rFire  . . .     SeeInvis .     u - +1 short sword
rCold  . . .     Clarity  .     q - +1 leather armour
rNeg   . . .     SustAt   .     (no shield)
rPois  .         Gourm    .     (no helmet)
rElec  .         Spirit   .     d - +0 cloak
rCorr  .         Warding  .     w - +0 pair of gloves
rMut   .         Stasis   .     k - +2 pair of boots
MR     .....                    (no amulet)
Stlth  ++........               (no ring)
                                r - +1 ring of protection

@: not resistant to hostile enchantments, unstealthy
A: no striking features
a: Renounce Religion


You were on level 5 of the Dungeon.
You worshipped Qazlal.
Qazlal was aware of your devotion.
You were not hungry.

You visited 1 branch of the dungeon, and saw 5 of its levels.

You collected 154 gold pieces.

Inventory:

Hand Weapons
 t - a +1 vampiric dagger
 u - a +1 short sword (weapon)
Armour
 d - a +0 cloak (worn)
 k - a +2 pair of boots (worn)
 q - a +1 leather armour (worn)
 w - a +0 pair of gloves (worn)
Jewellery
 r - a +1 ring of protection (left hand)
Wands
 c - a wand of fire (11)
Scrolls
 a - 3 scrolls of teleportation
 e - 2 scrolls of identify
 m - 2 scrolls of enchant armour
 n - a scroll of amnesia
 o - a scroll of remove curse
 s - 2 scrolls of enchant weapon
Potions
 f - 2 potions of might {unknown}
 g - a potion of agility {unknown}
 h - a potion of curing {unknown}
 i - a potion of haste {unknown}
Books
 b - a book of Necromancy

   Spells                             Type                      Level
   a - Pain                           Necromancy                   1
   b - Animate Skeleton               Necromancy                   1
   c - Vampiric Draining              Necromancy                   3
   d - Regeneration                   Charms/Necromancy            3
   e - Animate Dead                   Necromancy                   4
   f - Control Undead                 Necromancy                   4
Comestibles
 j - a chunk of flesh
 l - 3 fruits
 p - 2 beef jerkies
 v - 2 bread rations


   Skills:
 * Level 2.6 Fighting
 + Level 0.2 Short Blades
 + Level 1.3 Armour
 + Level 2.1 Dodging
 - Level 2.0 Stealth
 + Level 3.6 Spellcasting
 + Level 5.3 Necromancy


You had 11 spell levels left.
You knew the following spells:

 Your Spells              Type           Power        Failure   Level  Hunger
a - Pain                  Necr           ###.         2%          1    None


Dungeon Overview and Level Annotations

Branches:
Dungeon (5/15)
 Temple: D:4-7

Altars:
Fedhas
Qazlal

Annotations:
D:3 Gargoyl's ghost, amateur DsAK
D:4 Kloppie's ghost, amateur HEAE


Message History

You feel strangely stable.
The centaur shoots an arrow.
The arrow hits you.
* * * LOW HITPOINT WARNING * * *
The phantom blinks!
The centaur misses you.
The giant gecko bites you but does no damage.
The giant gecko closely misses you.
You see here a hound corpse.
The centaur barely misses you. You block the orc's attack.
The centaur hits you but does no damage.
The adder skeleton is struck by lightning.
You destroy the adder skeleton!
Qazlal accepts your kill.
You hear a shout!
A ball python comes into view.
Found a scroll of enchant weapon.
The phantom hits you but does no damage.
The centaur misses you.
A centaur comes into view.
The centaur wields a shortbow.
The centaur shoots an arrow.
The arrow hits you!
You die...

....................
......................[.
...?....................
........................
........................
........................
..............((...)....
.............(†.........
.........@co....(.........
..........W.l.............
.............÷...........#
#.......................##
#...###......S........##
#...................##
#...................# #
#####c.............##
....####................#


You could see a phantom, 2 centaurs, an orc, a giant gecko and a ball python.

Vanquished Creatures
  2 hounds
  A jelly (D:5)
  2 worker ants (D:4)
  A gnoll (D:1)
  2 adders
  An adder skeleton (D:5)
  8 worms
  8 giant geckos
  6 orcs
  2 giant cockroaches
  6 goblins
  13 hobgoblins
  12 kobolds
  A quokka (D:2)
  2 ball pythons
  4 bats
  5 giant newts
  6 rats
  4 fungi (D:2)
86 creatures vanquished.

Notes
Turn   | Place    | Note
--------------------------------------------------------------
     0 | D:1      | lolseriousman the Human Necromancer began the quest for the Orb.
     0 | D:1      | Reached XP level 1. HP: 13/13 MP: 3/3
   444 | D:1      | Reached XP level 2. HP: 17/19 MP: 1/5
  1112 | D:1      | Reached skill level 1 in Fighting
  1112 | D:1      | Reached XP level 3. HP: 8/26 MP: 1/6
  1882 | D:2      | Found a stormy altar of Qazlal.
  1894 | D:2      | Became a worshipper of Qazlal Stormbringer
  2831 | D:2      | Reached XP level 4. HP: 32/32 MP: 6/8
  2880 | D:2      | Found a blossoming altar of Fedhas.
  4472 | D:3      | Reached * piety under Qazlal
  4724 | D:3      | Reached XP level 5. HP: 36/38 MP: 6/9
  4826 | D:3      | Noticed Gargoyl's ghost (amateur DsAK)
  5489 | D:3      | Found a faded altar to an unknown god.
  6071 | D:4      | Reached skill level 5 in Necromancy
  6104 | D:4      | Noticed Kloppie's ghost (amateur HEAE)
  6118 | D:4      | Reached skill level 1 in Armour
  6118 | D:4      | Reached XP level 6. HP: 12/46 MP: 2/11
  6128 | D:5      | Entered Level 5 of the Dungeon
  6529 | D:5      | Shot with an arrow by a centaur

Action                   |  1- 3 |  4- 6 || total
-------------------------+-------+-------++-------
Melee: Unarmed           |     3 |       ||     3
       Dagger            |    28 |   309 ||   337
       Short sword       |       |    53 ||    53
 Cast: Pain              |    73 |   138 ||   211
  Use: Scroll            |       |    10 ||    10
  Eat: Bread ration      |     2 |       ||     2
       Chunk             |     1 |     8 ||     9
       Pizza             |       |     1 ||     1
